 Dungeon Crawl Stone Soup version 0.16-a0-3807-g3748f16 (console) character file.

42 mauris the Changer (level 3, -1/28 HPs)
             Began as a Draconian Transmuter on Jan 26, 2015.
             Slain by Robin
             ... wielding a +0 short sword
              (2 damage)
             ... on level 3 of the Dungeon.
             The game lasted 00:02:05 (1524 turns).

mauris the Changer (Draconian Transmuter)           Turns: 1524, Time: 00:02:06

Health: -1/28      AC:  5    Str: 12    XL:     3   Next: 35%
Magic:  6/6        EV: 12    Int: 14    God:
Gold:   50         SH:  0    Dex: 11    Spells: 1 memorised, 5 levels left

rFire  . . .     SeeInvis .     p - +0 short sword
rCold  . . .     Clarity  .     (armour unavailable)
rNeg   . . .     SustAb   .     (no shield)
rPois  .         Gourm    .     (helmet restricted)
rElec  .         Spirit   .     (no cloak)
rCorr  .         Warding  .     (no gloves)
rMut   .         Stasis   .     (no boots)
MR     .....                    (no amulet)
Stlth  +.........               (no ring)
                                (no ring)

@: appendage (expiring), not resistant to hostile enchantments, very unstealthy
A: unfitting armour, horns 2, cold-blooded, AC +5
a: End Transformation


You were on level 3 of the Dungeon.
You were very hungry.
You had grown temporary horns.
You visited 1 branch of the dungeon, and saw 3 of its levels.

You collected 50 gold pieces.

Inventory:

Hand weapons
 p - a +0 short sword (weapon)
Missiles
 b - 33 arrows
 o - 16 poisoned arrows
Armour
 e - a +2 cloak
Scrolls
 g - 5 scrolls of identify {unknown}
 h - a scroll of enchant weapon {unknown}
 i - a scroll of immolation {unknown}
 k - 4 scrolls of magic mapping {unknown}
 n - a scroll of random uselessness {unknown}
Potions
 c - a potion of brilliance {unknown}
 f - a potion of might {unknown}
Books
 d - a book of Changes

   Spells                             Type                      Level
   a - Beastly Appendage              Transmutation                1
   b - Sticks to Snakes               Transmutation                2
   c - Spider Form                    Transmutation/Poison         3
   d - Ice Form                       Ice/Transmutation            4
   e - Blade Hands                    Transmutation                5
Comestibles
 a - 2 bread rations
 j - 2 fruits
 l - a beef jerky
 m - a meat ration


   Skills:
 - Level 1.1 Fighting
 - Level 1.7 Dodging
 - Level 3.0 Unarmed Combat
 - Level 2.0 Spellcasting
 + Level 3.8 Transmutations


You had 5 spell levels left.
You knew the following spells:

 Your Spells              Type           Power        Failure   Level  Hunger
a - Beastly Appendage     Trmt           ##....       6%          1    ##.....


Dungeon Overview and Level Annotations

Branches:
Dungeon (3/15)

Altars:

Annotations:
D:3 Robin


Innate Abilities, Weirdness & Mutations

Your plain brown scales are hard (AC +5).
Your body does not fit into most forms of armour.
Your cold-blooded metabolism reacts poorly to cold.
You have a pair of horns on your head.


Message History

The giant gecko bites you. The hobgoblin hits you.
Robin hits you with a short sword.
* * * LOW HITPOINT WARNING * * *
The goblin shoots a stone.
The stone completely misses you.
Huge Dmg: -39%(-11hp) hp: 22%(6hp) Unknown command.
The giant gecko bites you but does no damage.
The hobgoblin hits you.
* * * LOW HITPOINT WARNING * * *
Robin closely misses you.
You climb downwards.
There is a stone staircase leading up here.
Huge Dmg: -18%(-5hp) hp: 4%(1hp) Unknown command.
You barely miss Robin.
Robin is heavily wounded.
Your transformation is almost over.
The giant gecko misses you. The hobgoblin misses you.
The giant gecko closely misses you. Robin hits you with a short sword.
You die...

#. ## .. ..
.## .###.##
.... .....
#... ...#
..#....#lg#
%......g@)#
#.#.#....##
#......#
#.......#
#.####..#
#..# ##..
#.. ##.


You could see Robin, a giant gecko and a hobgoblin (frenzied).

Vanquished Creatures
  An adder (D:2)
  A worm (D:2)
  An ooze (D:1)
  3 bats
  A hobgoblin (D:1)
  A ball python (D:2)
  A giant newt (D:1)
  8 goblins
  5 kobolds
  2 rats (D:1)
24 creatures vanquished.

Notes
Turn   | Place    | Note
--------------------------------------------------------------
     0 | D:1      | mauris, the Draconian Transmuter, began the quest for the Orb.
     0 | D:1      | Reached XP level 1. HP: 16/16 MP: 3/3
   229 | D:1      | Huge Dmg: 2 Dmg
   231 | D:1      | Reached XP level 2. HP: 7/23 MP: 2/4
   862 | D:2      | Huge Dmg: 5 Dmg
   867 | D:2      | Huge Dmg: 4 Dmg
   868 | D:2      | Reached XP level 3. HP: 9/28 MP: 3/6
   882 | D:2      | Huge Dmg: 2 Dmg
  1181 | D:2      | Noticed Robin
  1187 | D:2      | Huge Dmg: 4 Dmg
  1189 | D:2      | Huge Dmg: 3 Dmg
  1522 | D:2      | Huge Dmg: 11 Dmg
  1522 | D:2      | HP: 1/28 [hobgoblin[Robin] (5)]
  1524 | D:3      | Huge Dmg: 5 Dmg
  1524 | D:3      | Slain by Robin

Action                   || total
-------------------------++-------
Melee: Unarmed           ||    60
       Short sword       ||    24
 Cast: Beastly Appendage ||     8
  Eat: Chunk             ||     1

Vault maps used:
D:1:      scummos_arrival_checkerplants, serial_park_tiny_pond
D:2:      uniq_jessica, uniq_robin, uniq_terence
D:3:      fedhas_altar_fruit_tree, uniq_sigmund, uniq_iyjb
